 Dungeon Crawl Stone Soup version 0.21-a0-442-g848f44b (webtiles) character file.

239 theanonym the Chopper (level 5, -5/45 HPs)
             Began as a Minotaur Chaos Knight on Nov 16, 2017.
             Slain by an iguana (9 damage)
             ... summoned by Xom
             ... on level 4 of the Dungeon.
             The game lasted 00:07:30 (3537 turns).

theanonym the Chopper (Minotaur Chaos Knight)       Turns: 3537, Time: 00:07:30

Health: -5/45      AC:  7    Str: 17      XL:     5   Next: 79%
Magic:  4/4        EV:  9    Int:  6 (9)  God:    Xom [*.....]
Gold:   259        SH:  2    Dex:  9 (10) Spells: 4/4 levels left

rFire    . . .     SeeInvis .   a - +0 hand axe (chaos)
rCold    . . .     Gourm    .   d - +0 buckler
rNeg     . . .     Faith    .   g - +0 scale mail
rPois    .         Spirit   .   (helmet restricted)
rElec    .         Reflect  .   (no cloak)
rCorr    .         Harm     .   s - +0 pair of gloves
MR       .....                  (no boots)
Stlth    ..........             (no amulet)
HPRegen  0.15/turn              (no ring)
MPRegen  0.09/turn              (no ring)

@: no status effects
A: retaliatory headbutt, horns 2
a: Renounce Religion


Innate Abilities, Weirdness & Mutations

You reflexively headbutt those who attack you in melee.
You have a pair of horns on your head.


   Skills:
 - Level 3.6 Fighting
 + Level 7.9 Axes
 - Level 2.4 Armour
 - Level 1.1 Dodging


You had 4 spell levels left.
You didn't know any spells.

Skill      XL: |  1  2  3  4  5 |
---------------+----------------+-----
Axes           | 4 5 6 7 |  7.9
Fighting       | |  3.6
Armour         | |  2.4
Dodging        | |  1.1

Action                   |  1- 3 |  4- 6 || total
-------------------------+-------+-------++-------
Melee: Hand axe          |   104 |   116 ||   220
       Headbutt          |    10 |    12 ||    22
Throw: Tomahawk          |       |     1 ||     1
  Use: Potion            |       |     9 ||     9
       Scroll            |       |     5 ||     5
 Stab: Paralysed         |       |     2 ||     2
       Petrified         |       |     2 ||     2
       Confused          |       |     1 ||     1
       Petrifying        |       |     1 ||     1
  Eat: Chunk             |     1 |     7 ||     8
Armor: Leather armour    |    11 |       ||    11
       Scale mail        |    38 |    54 ||    92
Dodge: Dodged            |    60 |    81 ||   141
Block: Buckler           |       |    13 ||    13

Inventory:

Hand Weapons
 a - a +0 hand axe of chaos (weapon)
Missiles
 j - 8 tomahawks (quivered)
 v - 4 tomahawks of returning
Armour
 b - a +2 leather armour
 d - a +0 buckler (worn)
   (You took it off a hobgoblin on level 2 of the Dungeon)
 g - a +0 scale mail (worn)
   (You found it on level 1 of the Dungeon)
 h - a +0 leather armour
   (You found it on level 1 of the Dungeon)
 s - a +0 pair of gloves (worn)
   (You found it on level 2 of the Dungeon)
Jewellery
 m - an uncursed amulet of faith {Faith, !P}
   (You found it on level 2 of the Dungeon)
Scrolls
 p - 3 scrolls of magic mapping {!r}
 r - a scroll of identify
 t - a scroll of teleportation {!r}
 w - 2 scrolls of enchant armour {unknown}
Comestibles
 c - 5 bread rations
 i - 5 meat rations
 l - a royal jelly
 n - 8 fruits

Dungeon Overview and Level Annotations

Branches:
Dungeon (4/15)
 Temple: D:4-7

Altars:

Shops:
D:4 :

Annotations:
D:4 Eustachio


You were on level 4 of the Dungeon.
You worshipped Xom.
You were a special plaything of Xom.
You were not hungry.

You visited 1 branch of the dungeon, and saw 4 of its levels.

You collected 259 gold pieces.


Message History

The shadow imp misses you.
The shadow imp laughs crazily.
You block the shadow imp's attack. The shadow imp barely misses you.
The shadow imp misses you. You furiously retaliate!
You headbutt the shadow imp. "Hum-dee-hum-dee-hum..."
Eustachio seems to grow stronger.
You block the bat's attack. The shadow imp gestures at you.
Pain shoots through your body!
A shower of butterflies erupts from you!
Eustachio hits your butterfly with a vampiric rapier!
Your butterfly dies!
The shadow imp misses you. The shadow imp hits your butterfly.
Your butterfly dies!
The rat closely misses you. You furiously retaliate!
You headbutt the rat.
You kill the rat!
The rat's corpse disappears in a puff of smoke!
You take 14 damage, and have 31/45 hp.
MASSIVE DAMAGE!!
You block the bat's attack. The bat hits you but does no damage.
Eustachio gestures wildly while chanting.
Eustachio blinks!
Xom's power touches on a nearby monster.
The shadow imp suddenly seems more resistant.
You block the bat's attack.
The shadow imp barely misses your butterfly.
The bat hits you but does no damage. The bat closely misses you.
The shadow imp completely misses your butterfly.
The shadow imp misses your butterfly. The bat barely misses you.
You aren't carrying any potions.
As you read the scroll of identify, it crumbles to dust.
p - 3 scrolls of magic mapping The bat closely misses you.
You furiously retaliate!
You headbutt the bat.
You kill the bat!
The bat's corpse disappears in a puff of smoke!
The bat closely misses you.
The shadow imp barely misses your butterfly.
You closely miss the shadow imp. You headbutt the shadow imp.
The shadow imp gestures at you. Pain shoots through your body!
* * * LOW HITPOINT WARNING * * *
You take 14 damage, and have 18/45 hp.
MASSIVE DAMAGE!!
As you read the scroll labeled YHOUCENNUOSEU, it crumbles to dust.
You feel strangely unstable.
It was a scroll of teleportation.
t - a scroll of teleportation;
j - 8 tomahawks (quivered)
The shadow imp gestures at you. Pain shoots through your body!
* * * LOW HITPOINT WARNING * * *
The shadow imp barely misses you.
You take 5 damage, and have 13/45 hp.
You aren't carrying any potions.
Blink to where?
You are very lightly contaminated with residual magic.
As you read the scroll labeled SULUTI ATOYRY, it crumbles to dust.
It was a scroll of blinking.
The shadow imp disappears in a puff of smoke!
Your surroundings suddenly seem different.
You start resting.
You feel a little less agile now.
You regained 5 hp, and now have 19/45 hp.
You start resting.
Your magical contamination has completely faded away.
You regained 2 hp, and now have 21/45 hp.
You start resting.
All of the chunks of flesh in your inventory have rotted away.
You hear Xom's maniacal laughter.
You regained 16 hp, and now have 37/45 hp.
You hit the jackal skeleton but do no damage.
The jackal skeleton blinks!
The jackal skeleton bites you but does no damage.
You barely miss the jackal skeleton. You headbutt the jackal skeleton.
The jackal skeleton barely misses you. You furiously retaliate!
You headbutt the jackal skeleton. You hit the iguana but do no damage.
You hit the quokka skeleton. You burn the quokka skeleton.
You destroy the quokka skeleton!
You hit the jackal skeleton but do no damage.
The iguana bites you but does no damage.
The jackal skeleton bites you but does no damage.
You hit the iguana.
The iguana is poisoned.
You hit the jackal skeleton.
The jackal skeleton appears confused.
The iguana bites you but does no damage.
The jackal skeleton bites you.
You hit the iguana.
You catch the helpless jackal skeleton completely off-guard!
You hit the jackal skeleton.
You destroy the jackal skeleton!
The iguana bites you!
You take 12 damage, and have 25/45 hp.
MASSIVE DAMAGE!!
You hit the iguana but do no damage.
The iguana goes berserk!
Your headbutt misses the iguana. The iguana completely misses you.
The iguana misses you.
You hit the iguana. You burn the iguana. The iguana bites you!
* * * LOW HITPOINT WARNING * * *
You take 7 damage, and have 18/45 hp.
You hit the iguana but do no damage.
You headbutt the iguana, but do no damage.
The iguana bites you!
* * * LOW HITPOINT WARNING * * *
The iguana bites you!
You die...

#.......##
#.......#
#..#
..#....##
#..#
..#....#
#..#
..#...##
#..#
.##..##
#..# .#####
######..#
....
........##
...#
#......@.#
..##
########l.#
.## ### ##


You could see an iguana (berserk).

Notes
Turn   | Place    | Note
-------+----------+-------------------------------------------
     0 | D:1      | theanonym the Minotaur Chaos Knight began the quest for the Orb.
     0 | D:1      | Reached XP level 1. HP: 19/19 MP: 0/0
    35 | D:1      | Reached skill level 4 in Axes
    98 | D:1      | XOM: butterfly on damage
   135 | D:1      | Reached XP level 2. HP: 18/26 MP: 1/1
   637 | D:2      | Reached skill level 5 in Axes
   760 | D:2      | Reached XP level 3. HP: 30/31 MP: 2/2
   977 | D:2      | XOM: harmless Pois miscast
  1022 | D:2      | XOM: divination: magic mapping
  1065 | D:2      | XOM: harmless Fire miscast
  1266 | D:2      | XOM: enchant monster (bad)
  1362 | D:2      | Reached skill level 6 in Axes
  1362 | D:2      | Reached XP level 4. HP: 34/39 MP: 3/3
  2019 | D:3      | Noticed Sigmund
  2023 | D:3      | XOM: divination: detect creatures
  2024 | D:3      | Killed Sigmund
  2024 | D:3      | XOM: divine lightning
  2166 | D:3      | XOM: butterfly on damage
  2496 | D:3      | Reached XP level 5. HP: 45/45 MP: 4/4
  2500 | D:3      | Reached skill level 7 in Axes
  2676 | D:4      | Found Ahowekky's Book Emporium.
  2763 | D:4      | XOM: 1-stop teleportation journey
  2773 | D:4      | XOM: confusion (+ monsters)
  2773 | D:4      | HP: 18/45 [iguana (8)]
  2778 | D:4      | HP: 11/45 [poisoned by a scorpion]
  2784 | D:4      | HP: 18/45 [poisoned by a scorpion]
  2791 | D:4      | HP: 18/45 [poisoned by a scorpion]
  2797 | D:4      | HP: 17/45 [poisoned by a scorpion]
  2806 | D:4      | HP: 16/45 [poisoned by a scorpion]
  2812 | D:4      | HP: 16/45 [poisoned by a scorpion]
  2817 | D:4      | HP: 15/45 [poisoned by a scorpion]
  2878 | D:4      | XOM: summons 4 hostile shadow creatures
  2883 | D:4      | HP: 22/45 [poisoned by a scorpion]
  2888 | D:4      | HP: 11/45 [poisoned by a scorpion]
  2894 | D:4      | HP: 6/45 [poisoned by a scorpion]
  2902 | D:4      | HP: 5/45 [poisoned by a scorpion]
  2993 | D:3      | XOM: mild Fire miscast
  3355 | D:4      | Noticed Eustachio
  3365 | D:4      | XOM: enchant monster (bad)
  3365 | D:4      | XOM: butterfly on damage
  3367 | D:4      | XOM: enchant monster (bad)
  3370 | D:4      | HP: 18/45 [shadow imp/nerve-wracking pain[Eustachio] (14)]
  3529 | D:4      | XOM: summons 3 hostile shadow creatures
  3536 | D:4      | HP: 18/45 [iguana[Xom] (7)]
  3537 | D:4      | HP: 4/45 [iguana[Xom] (14)]
  3537 | D:4      | Slain by an iguana

Vanquished Creatures
  A hound (D:4)
  An orc wizard (D:3)
  An iguana (D:4)
  4 adders
  An ooze (D:1)
  5 worms
  A dart slug (D:3)
  3 leopard geckos
  7 orcs
  A ball python (D:4)
  6 giant cockroaches
  8 goblins
  11 hobgoblins
  4 jackals
  10 kobolds
  3 quokkas
  6 bats
  4 frilled lizards
  7 rats
84 creatures vanquished.

Vanquished Creatures (others)
  Sigmund (D:3)
1 creature vanquished.

Grand Total: 85 creatures vanquished
